 Dungeon Crawl Stone Soup version 0.19-a0-607-g42021f0 (webtiles) character file.

127 georgeearnest the Skirmisher (level 5, 0/47 HPs)
             Began as a Hill Orc Fighter on June 12, 2016.
             Succumbed to an adder's poison
             ... on level 2 of the Dungeon.
             The game lasted 00:02:43 (798 turns).

georgeearnest the Skirmisher (Hill Orc Fighter)      Turns: 798, Time: 00:02:44

Health: 0/47       AC:  7    Str: 25    XL:     5   Next: 11%
Magic:  5/5        EV:  8    Int:  8    God:
Gold:   81         SH: 10    Dex: 10    Spells: 0 memorised, 4 levels left

rFire  . . .     SeeInvis .     a - +0 war axe
rCold  . . .     Gourm    .     b - +0 scale mail
rNeg   . . .     Faith    .     c - +0 shield
rPois  .         Spirit   .     (no helmet)
rElec  .         Dismiss  .     (no cloak)
rCorr  .         Reflect  .     (no gloves)
SustAt .         Harm     .     (no boots)
MR     .....                    (no amulet)
Stlth  ..........               (no ring)
                                (no ring)

@: mighty, lethally poisoned (0 -> -2), not resistant to hostile enchantments,
extremely unstealthy
A: no striking features
a: no special abilities


You were on level 2 of the Dungeon.
You were not hungry.

You visited 1 branch of the dungeon, and saw 2 of its levels.

You collected 81 gold pieces.

Inventory:

Hand Weapons
 a - a +0 war axe (weapon)
Armour
 b - a +0 scale mail (worn)
 c - a +0 shield (worn)
Scrolls
 e - a scroll of random uselessness {unknown}
 g - a scroll of fog {unknown}
 h - 2 scrolls of magic mapping {unknown}
 j - 2 scrolls of blinking {unknown}
 n - a scroll of identify {unknown}
 o - a scroll of recharging {unknown}
 p - a scroll of remove curse {unknown}
 q - 3 scrolls of teleportation {unknown}
Potions
 d - a potion of might
Comestibles
 f - 2 bread rations
 i - a meat ration
 k - a beef jerky


   Skills:
 + Level 4.4 Fighting
 + Level 3.3 Axes
 + Level 4.0 Armour
 + Level 1.4 Dodging
 + Level 4.2 Shields


You had 4 spell levels left.
You didn't know any spells.

Dungeon Overview and Level Annotations

Branches:
Dungeon (2/15)

Altars:


Message History

You closely miss the adder.
The adder is moderately wounded.
The gnoll hits you from afar with a halberd.
* * * LOW HITPOINT WARNING * * *
The adder closely misses you. You block the gnoll's attack.
The adder bites you.
* * * LOW HITPOINT WARNING * * *
You are poisoned.
The adder poisons you!
You feel sick.
You feel sick. You block the adder's attack.
Okay, then.
You slash the adder!
You kill the adder!
You feel sick. You block the gnoll's attack.
The gnoll hits you from afar with a halberd.
* * * LOW HITPOINT WARNING * * *
Unknown command.
You die...

#..)..#.......#########†.
#...†((.(............K...
#..†..###..#.......######
#..†..........####.......
#.............# ########
#.....g.......#
#.............#
######........#
#..@.....# ##########


You could see a gnoll.

Vanquished Creatures
  Terence (D:2)
  2 gnolls (D:2)
  3 adders (D:2)
  3 dart slugs (D:1)
  A giant gecko (D:2)
  A ball python (D:2)
  2 bats
  2 giant cockroaches
  3 goblins
  6 hobgoblins
  4 jackals (D:2)
  A quokka (D:2)
  2 giant newts
  7 kobolds
  15 rats
53 creatures vanquished.

Notes
Turn   | Place    | Note
--------------------------------------------------------------
     0 | D:1      | georgeearnest the Hill Orc Fighter began the quest for the Orb.
     0 | D:1      | Reached XP level 1. HP: 19/19 MP: 1/1
    99 | D:1      | Reached XP level 2. HP: 27/27 MP: 2/2
   267 | D:1      | Reached XP level 3. HP: 33/33 MP: 3/3
   507 | D:2      | Reached skill level 1 in Dodging
   507 | D:2      | Reached XP level 4. HP: 36/40 MP: 4/4
   562 | D:2      | Noticed Terence
   573 | D:2      | Killed Terence
   715 | D:2      | Found a faded altar of an unknown god.
   784 | D:2      | HP: 1/40 [gnoll/halberd (5)]
   791 | D:2      | Reached XP level 5. HP: 14/47 MP: 5/5
   796 | D:2      | HP: 1/47 [gnoll/halberd (4)]
   798 | D:2      | Succumbed to an adder's poison

Vault maps used:
D:1:      erik_arrival_orb_chamber, grunt_decor_cap
D:2:      tgw_trog, ecumenical_altar_1, uniq_terence

Skill      XL: |  1  2  3  4 |
---------------+-------------+-----
Fighting       | 4 |  4.4
Axes           | 3 |  3.3
Dodging        | 1 |  1.4
Shields        | 4 |  4.2
Armour         | 4 |  4.0

Action                   |  1- 3 |  4- 6 || total
-------------------------+-------+-------++-------
Melee: War axe           |   111 |    43 ||   154
  Use: Potion            |       |     3 ||     3
Armor: Scale mail        |    43 |    28 ||    71
Dodge: Dodged            |    37 |    24 ||    61
Block: Shield            |    61 |    32 ||    93
